 Dungeon Crawl Stone Soup version 0.26-a0-1106-g6dfc622489 (webtiles) character file.

Game seed: 6035051175230869634

3 Forecaster the Magician (level 1, 0/15 HPs)
             Began as a Naga Hedge Wizard on Dec 16, 2020.
             Slain by a jackal (2 damage)
             ... on level 1 of the Dungeon.
             The game lasted 00:00:46 (107 turns).

Forecaster the Magician (Naga Hedge Wizard)          Turns: 107, Time: 00:00:47

Health: 0/15       AC:  1    Str: 12    XL:     1   Next: 50%
Magic:  1/4        EV: 10    Int: 14    God:
Gold:   39         SH:  0    Dex: 10    Spells: 5/6 levels left

rFire    . . .     SeeInvis +   a - +0 dagger
rCold    . . .     Faith    +   (no shield)
rNeg     . . .     Spirit   .   b - +0 robe
rPois    +         Reflect  .   c - +0 hat
rElec    .         Harm     .   (no cloak)
rCorr    .         Rampage  .   (no gloves)
Will     .....                  (no barding)
Stlth    ++........             d - amulet of faith
HPRegen  0.05/turn              (no ring)
MPRegen  0.09/turn              (no ring)

@: brilliant, very slow
A: large, see invisible, deformed body, poison resistance, slowness 2, spit
poison 1, AC +0
a: Spit Poison


You were on level 1 of the Dungeon.
You visited 1 branch of the dungeon, and saw 1 of its levels.

You collected 39 gold pieces.

Inventory:

Hand Weapons
 a - a +0 dagger (weapon)
Armour
 b - a +0 robe (worn)
 c - a +0 hat (worn)
Jewellery
 d - an amulet of faith (around neck)
Scrolls
 e - a scroll of amnesia {unknown}


   Skills:
 + Level 1.6 Dodging
 + Level 3.0 Stealth
 + Level 3.1 Spellcasting
 + Level 1.0 Conjurations
 + Level 1.0 Summonings
 + Level 1.0 Translocations


You had 5 spell levels left.
You knew the following spells:

 Your Spells              Type           Power        Failure   Level
a - Magic Dart            Conj           #...         14%         1

Your spell library contained the following spells:

 Spells                   Type           Power        Failure   Level
 Blink                    Tloc           N/A          22%         2
 Call Imp                 Summ           #.......     22%         2
 Slow                     Hex            #.......     32%         2
 Conjure Flame            Conj/Fire      #.......     45%         3
 Mephitic Cloud           Conj/Pois/Air  #.......     50%         3


Dungeon Overview and Level Annotations

Branches:
Dungeon (1/15)

Altars:


Innate Abilities, Weirdness & Mutations

You cannot wear boots.
Your serpentine skin is tough. (AC +0)
You have supernaturally acute eyesight. (SInv)
Armour fits poorly on your strangely shaped body.
Your system is resistant to poisons. (rPois)
You cover ground very slowly.
You can spit poison.


Message History

Aim: a jackal (heavily wounded, 0% to evade)
You feel a surge of power!
The magic dart hits the jackal.
You kill the jackal!
The jackal closely misses you.
You hit the jackal.
The jackal is moderately wounded.
The jackal bites you.
* * * LOW HITPOINT WARNING * * *
You barely miss the jackal.
The jackal is moderately wounded.
The jackal closely misses you.
You miss the jackal.
The jackal is moderately wounded.
The jackal bites you.
* * * LOW HITPOINT WARNING * * *
The jackal bites you but does no damage.
You closely miss the jackal.
The jackal is moderately wounded.
The jackal bites you.
You die...

#.......'.......##.#.#
####..###.....#.##...#
#....................
#.....#...#.#...#....
#......#.#...#.#.....
#...#...#.....#...#..
#.)..#..#.....#..#...
#.#...###.....###...#
#..#@.#..#...# #..#.
#..h###...#.# ###..
#..#.h.#...# #.
#.#.....#.. #
#........#
#.#...).#..#
#..#...#...#
#...###...#. ..# ..#..


You could see a jackal.

Vanquished Creatures
  2 jackals (D:1)
  A kobold (D:1)
3 creatures vanquished.

Notes
Turn   | Place    | Note
-------+----------+-------------------------------------------
     0 | D:1      | Forecaster the Naga Hedge Wizard began the quest for the
                  | Orb.
     0 | D:1      | Reached XP level 1. HP: 15/15 MP: 4/4
   107 | D:1      | Slain by a jackal

Illustrated notes

Levels and vault maps discovered:
D:1:      co_arrival_square_in_a_square_in_a_square, layout_basic,
          hangedman_decor_clover_reticule, minmay_misc_feat_doors,
          minmay_splitting_lines

Action                   || total
-------------------------++-------
Melee: Dagger            ||    16
 Cast: Magic Dart        ||     5
  Use: Potion            ||     1
Armor: Robe              ||     5
Dodge: Dodged            ||    10

Table legend: (Time is in decaauts)
 A = Elapsed time spent in this place.
 B = Non-inter-level travel time spent in this place.
 C = Inter-level travel time spent in this place.
 D = Time resting spent in this place.
 E = Time spent auto-exploring this place.
 F = Levels seen in this place.
 G = Mean time per level.
                   A        B        C        D        E       F      G
               +--------+--------+--------+--------+--------+-----+--------+
         Total |    131 |    131 |      0 |      0 |     95 |   1 |  131.0 |
       Dungeon |    131 |    131 |      0 |      0 |     95 |   1 |  131.0 |
               +--------+--------+--------+--------+--------+-----+--------+

Top non-repeatable levels by time:
     D:1: 131 daAuts
